REDFORCE snipe stream fail

Match 12721709
End
Construct Infanterie Kompanie
Kettenkrad Recon Vehicle
Selects Luftwaffe Battlegroup
Selects Luftwaffe Battlegroup
MG 42 Machine Gun Team
MG 42 Machine Gun Team
Grenadier Squad
Construct Panzergrenadier Kompanie
Selects Stuka Strafing Run
Panzergrenadier Squad
Stuka Strafing Run
Panzergrenadier Squad
Stuka Strafing Run
MG 42 Machine Gun Team
Medical Station
Selects Fallschirmjäger Squad Paradrop
Selects Fallschirmpioneer Squad Paradrop
Selects LG40 Recoilless Launcher Paradrop
Construct Panzer Kompanie
Stuka Strafing Run
Panzer IV Medium Tank
Stuka Strafing Run
Pak 40 Anti-tank Gun Team
Panzergrenadier Squad
Selects Infantry Reserves
Stuka Strafing Run
Selects Fragmentation Bombs
Panzer IV Medium Tank
Fragmentation Bombs
Panzer IV Medium Tank
Panzer IV Medium Tank
Panzer Officer Quarters
Fragmentation Bombs
Panzergrenadier Squad
Stuka Strafing Run
Panzergrenadier Officer Quarters
Fragmentation Bombs
Panzer IV Medium Tank
Stuka Strafing Run
B L U E SKI D R OW
Rutra
T.R. Thomas
REDFORCE
0
0

Comments sign in to comment!

No comments posted yet!